 Dungeon Crawl Stone Soup version 0.32-a0-928-g1cae6b7ea0 (webtiles) character file.

Game seed: 9436764044619771069

420 uglyjohn the Ruffian (level 6, -1/51 HPs)
             Began as a Draconian Shapeshifter on Apr 12, 2024.
             Killed by divine providence
             ... invoked by an orc priest
              (16 damage)
             ... on level 4 of the Dungeon.
             The game lasted 00:09:39 (3113 turns).

uglyjohn the Ruffian (Draconian Shapeshifter)       Turns: 3113, Time: 00:09:41

Health: -1/51      AC: -2    Str: 18    XL:     6   Next: 62%
Magic:  6/6        EV: 11    Int: 10    God:
Gold:   106        SH:  0    Dex: 11    Spells: 5/5 levels left

rFire   . . .        a - +4 short sword (venom)
rCold   . . .        (no shield)
rNeg    . . .        (body armour unavailable)
rPois   .            (helmet currently unavailable)
rElec   .            (cloak currently unavailable)
rCorr   .            (gloves currently unavailable)
SInv    .            (boots currently unavailable)
Will    .....        (no amulet)
Stlth   +            (no ring)
HPRegen 0.28/turn    (no ring)
MPRegen 0.10/turn

%: no passive effects
@: beast-form, corroded
A: beast (slay +2), AC +6, unfitting armour, cold-blooded
a: Begin Untransformation, Convert to Beogh


You were on level 4 of the Dungeon.
You were a hulking beast.
You visited 1 branch of the dungeon, and saw 4 of its levels.
You also visited: Sewer.

You collected 106 gold pieces.

Inventory:

Hand Weapons
 a - a +4 short sword of venom (weapon)
Armour
 n - a +0 cloak
Jewellery
 o - an amulet of guardian spirit
 q - a ring of protection from fire
Talismans
 b - a beast talisman (active)
 c - a flux talisman
Wands
 p - a wand of iceblast (11)
Scrolls
 d - 2 scrolls of blinking
 e - 2 scrolls of amnesia {unknown}
 f - a scroll of poison {unknown}
 h - a scroll of teleportation {unknown}
 k - a scroll of immolation {unknown}
 s - 2 scrolls of fear {unknown}
 t - a scroll of fog {unknown}
 u - a scroll of silence {unknown}
 v - a scroll of identify {unknown}
Potions
 g - 2 potions of heal wounds {unknown}
 i - 2 potions of ambrosia {unknown}
 j - a potion of brilliance {unknown}
 l - a potion of curing {unknown}
 m - 2 potions of degeneration {unknown}
 r - a potion of magic {unknown}
 w - a potion of mutation {unknown}
 x - a potion of lignification


   Skills:
 + Level 3.1 Fighting
 + Level 2.9 Dodging
 * Level 5.0 Unarmed Combat
 * Level 4.7 Shapeshifting


You had 5 spell levels left.
You didn't know any spells.
Your spell library contained the following spells:

 Spells                   Type           Power      Damage    Failure   Level
 Summon Blazeheart Golem  Fire/Summ      0%         N/A       98%         4
 Orb of Destruction       Conj           0%         9d5       100%        7
 Spellforged Servitor     Conj/Summ      0%         N/A       100%        7


Dungeon Overview and Level Annotations

Branches:
Dungeon (4/15)              Sewer (visited)
 Temple: D:4-7

Altars:
Cheibriados


Innate Abilities, Weirdness & Mutations

You are a hulking beast.
Your limbs bulge with bestial killing power. (Slay +2)
Your plain brown scales are hard. (AC +6)
You cannot fit into any form of body armour.
You are cold-blooded and may be slowed by cold attacks.


Message History

An orc comes into view. It is wielding a +0 club.
The orc shouts!
The orc priest looks encouraged for a moment.
You hit the orc.
The orc is almost dead.
The orc misses you.
The orc priest miscasts a cantrip.
You hit the orc but do no damage.
Your tail-slap misses the orc.
The orc is almost dead.
The orc hits you with a +0 dagger.
You hit the orc.
You kill the orc!
The jelly hits you but does no damage.
A kobold comes into view. It is wielding a +0 short sword.
Things that are here:
a +0 dagger; a +0 leather armour; an orc corpse You puncture the jelly!
The jelly looks as sick as possible!
The acid corrodes you!
Your hands burn!
The jelly is severely wounded.
The jelly misses you.
You barely miss the jelly.
The jelly is severely wounded.
The jelly hits you. The acid corrodes you!
You are splashed with acid!
The orc priest shouts, "Beogh offers mercy even to people such as you.
Join us and be reborn!" (press Y on the ability menu to convert to Beogh)
You hit the jelly.
Your hands burn!
The jelly is severely wounded.
You kill the jelly!
Your Unarmed Combat skill increases to level 5!
You hit the orc priest but do no damage.
The orc priest calls down the wrath of Beogh upon you.
Pain shoots through your body!
* * * LOW HITPOINT WARNING * * *
You closely miss the orc priest.
The orc priest shouts, "Surrender to Beogh and we'll let you live!"
You tail-slap the orc priest.
The orc priest is lightly wounded.
The orc priest calls down the wrath of Beogh upon you.
Beogh smites you!
You die...

< # .. #. . ......#..#
####### .#
#........###.....# ...
#...###..#.#.###.# ...⌠
..............[..# .....
#......###.#.#####.....⌠
#.........#....hooK....
###....##..#########.#.#
..............#
.....#...#....#
#....#...#....#
#....#...#....#
.........#....#
#....#...######
#.....<.##


You could see an orc priest, an orc and a kobold.

Vanquished Creatures
  Pargi (Sewer)
  A jelly (D:4)
  Crazy Yiuf (D:2)
  Natasha (thrice) (D:3)
  8 adders
  2 river rats (D:3)
  2 adder skeletons (D:2)
  2 dart slugs (D:2)
  A ribbon worm (D:2)
  4 orcs
  7 ball pythons
  A bat zombie (D:2)
  4 endoplasms
  3 giant cockroaches
  6 goblins
  6 hobgoblins
  7 jackals
  14 kobolds
  3 ball python zombies (D:2)
  9 bats
  3 frilled lizards
  2 giant cockroach zombies (D:2)
  10 rats
100 creatures vanquished.

Notes
Turn   | Place    | Note
-------+----------+-------------------------------------------
     0 | D:1      | uglyjohn the Draconian Shapeshifter began the quest for the
                  | Orb.
     0 | D:1      | Reached XP level 1. HP: 16/16 MP: 1/1
   146 | D:1      | Found a faded altar of an unknown god.
   174 | D:1      | Reached XP level 2. HP: 23/23 MP: 2/2
   766 | D:2      | Found a runed translucent door.
   767 | D:2      | Noticed Crazy Yiuf
   829 | D:2      | Reached XP level 3. HP: 29/29 MP: 3/3
   991 | D:2      | Reached XP level 4. HP: 20/36 MP: 4/4
  1550 | D:2      | HP: 1/34 [Crazy Yiuf/+4 quarterstaff of chaos (4)]
  1552 | D:2      | Killed Crazy Yiuf
  1782 | D:3      | Reached skill level 4 in Unarmed Combat
  1984 | D:3      | Reached XP level 5. HP: 42/42 MP: 5/5
  1997 | D:3      | Found a glowing drain.
  2018 | Sewer    | Entered a sewer
  2232 | Sewer    | Noticed Pargi
  2246 | Sewer    | Killed Pargi
  2407 | D:3      | Noticed Natasha
  2415 | D:3      | Killed Natasha
  2416 | D:3      | Reached XP level 6. HP: 41/50 MP: 6/6
  2543 | D:3      | Noticed Natasha
  2550 | D:3      | Killed Natasha
  2600 | D:3      | Noticed Natasha
  2615 | D:3      | Killed Natasha
  2994 | D:3      | Found a snail-covered altar of Cheibriados.
  3112 | D:4      | Reached skill level 5 in Unarmed Combat
  3113 | D:4      | Killed from afar by an orc priest

Illustrated notes

Levels and vault maps discovered:
D:1:      mainiacjoe_arrival_reflecting_pool, layout_loops_ring,
          hellmonk_ecumenical_altar_crossroads
D:2:      minmay_evil_eye, layout_rooms, serial_undead, serial_undead_f,
          serial_undead_e, serial_undead_c, serial_undead_b, serial_undead_e,
          serial_undead_d, uniq_crazy_yiuf_cottage
D:3:      layout_loops_ring, mainiacjoe_overflow_alcove_4, portal_sewer_entry_a,
          kennysheep_flooded_box, minmay_quantized, uniq_natasha
D:4:      layout_basic, elyvilon_altar_5, minmay_misc_feat_tower,
          uniq_blork_the_orc

Skill      XL: |  1  2  3  4  5  6 |
---------------+-------------------+-----
Dodging        | 2 |  2.9
Fighting       | 2 3 |  3.1
Unarmed Combat | 4 5 |  5.0
Shapeshifting  | 4 |  4.7

Action                     |  1- 3 |  4- 6 || total
---------------------------+-------+-------++-------
  Melee: Unarmed           |    99 |     1 ||   100
         Tailslap          |    14 |     9 ||    23
         Punch             |     3 |       ||     3
         Short sword       |       |   144 ||   144
    Use: Potion            |     1 |       ||     1
         Scroll            |       |     1 ||     1
   Stab: Sleeping          |     1 |     1 ||     2
 Armour: Skin              |    74 |    96 ||   170
  Dodge: Dodged            |    57 |    88 ||   145

Table legend: (Time is in decaauts)
 A = Elapsed time spent in this place.
 B = Non-inter-level travel time spent in this place.
 C = Inter-level travel time spent in this place.
 D = Time resting spent in this place.
 E = Time spent auto-exploring this place.
 F = Levels seen in this place.
 G = Mean time per level.
                   A        B        C        D        E       F      G
               +--------+--------+--------+--------+--------+-----+--------+
         Total |   3131 |   2990 |    141 |    522 |   1752 |   5 |  626.2 |
       Dungeon |   2771 |   2630 |    141 |    298 |   1693 |   4 |  692.8 |
         Sewer |    359 |    359 |      0 |    224 |     59 |   1 |  359.0 |
               +--------+--------+--------+--------+--------+-----+--------+

Top non-repeatable levels by time:
     D:2: 1101 daAuts
     D:3: 955 daAuts
     D:1: 666 daAuts
   Sewer: 359 daAuts
     D:4: 47 daAuts
